3AAA
SUNSET DISTRICT FOG @ ALASKAN HUMPBACKS
05/31/2034
 
TOP OF THE 1ST
Sunset District Fog batting - Pitching for Alaskan Humpbacks : LHP Drew Cullen
Pitching: LHP Drew Cullen
Batting: LHB Roderick Simpson 0-0: Foul Ball, location: 2F
0-1: Ball
1-1: Ball
2-1: Foul Ball, location: 2F
2-2: Ball
3-2: Foul Ball, location: 2F
3-2: Base on Balls
Batting: LHB Ed Berry 0-0: Called Strike
0-1: Called Strike
0-2: Foul Ball, location: 2F
0-2: Ball
1-2: Ball
2-2: Strikes out swinging
Batting: RHB Tom Woolever 0-0: Ball
1-0: Ball
Roderick Simpson steals 2nd base
2-0: Ball
Wild Pitch!
Roderick Simpson to third
3-0: Base on Balls
Batting: LHB Ieyoshi Samurakami 0-0: Ball
1-0: Foul Ball, location: 2F
1-1: Called Strike
1-2: Foul Ball, location: 2F
1-2: Fly out, F7 (Flyball, 7S)
Runner from 3rd tags up, SCORES, throw made
Batting: LHB Arnold England 0-0: Ball
1-0: Called Strike
1-1: Ball
Wild Pitch!
Tom Woolever to second
2-1: TRIPLE (Flyball, 78XD)
Tom Woolever scores
Batting: RHB Gérard Chesnutt 0-0: Ball
1-0: Called Strike
1-1: Fly out, F2 (Popup, 23F)
Top of the 1st over - 2 runs, 1 hit, 0 errors, 1 left on base; Sunset District 2 - Alaskan 0
BOTTOM OF THE 1ST
Alaskan Humpbacks batting - Pitching for Sunset District Fog : RHP Steve Henryson
Pitching: RHP Steve Henryson
Batting: LHB Dallas Ihde 0-0: Swinging Strike
0-1: Foul Ball, location: 2F
0-2: Foul Ball, location: 2F
0-2: Ground out 6-3 (Groundball, 6)
Batting: RHB Erik Sterk 0-0: Called Strike
0-1: SINGLE (Line Drive, 7LS)
Batting: RHB Sigi Lang 0-0: Ball
1-0: Ball
2-0: SINGLE (Line Drive, 78S)
Erik Sterk to second
Batting: SHB Jorge Barrios 0-0: Ball
1-0: Foul Ball, location: 2F
1-1: Ball
2-1: Ball
3-1: Base on Balls
Erik Sterk to third
Sigi Lang to second
Batting: LHB Felipe Soto 0-0: Foul Ball, location: 2F
0-1: Ball
1-1: Ball
2-1: Swinging Strike
2-2: Strikes out swinging
Batting: RHB Yasuhide Nakashima 0-0: Foul Ball, location: 2F
0-1: Ball
1-1: Called Strike
1-2: Foul Ball, location: 2F
1-2: Fly out, F7 (Flyball, 7LMF)
Bottom of the 1st over - 0 runs, 2 hits, 0 errors, 3 left on base; Sunset District 2 - Alaskan 0
TOP OF THE 2ND
Sunset District Fog batting - Pitching for Alaskan Humpbacks : LHP Drew Cullen
Batting: RHB Juan Alcocer 0-0: Ball
1-0: Swinging Strike
1-1: Ground out 4-3 (Groundball, 4)
Batting: LHB Jesús De Jesús 0-0: Called Strike
0-1: Ball
1-1: Ball
2-1: Ball
3-1: Foul Ball, location: 2F
3-2: Fly out, F9 (Flyball, 9S)
Batting: LHB Jesús Trevino 0-0: Foul Ball, location: 2F
0-1: Ball
1-1: Fly out, F6 (Popup, 6MD)
Top of the 2nd over - 0 runs, 0 hits, 0 errors, 0 left on base; Sunset District 2 - Alaskan 0
BOTTOM OF THE 2ND
Alaskan Humpbacks batting - Pitching for Sunset District Fog : RHP Steve Henryson
Batting: RHB Lee Suárez 0-0: Ball
1-0: Called Strike
1-1: Ball
2-1: Called Strike
2-2: Foul Ball, location: 2F
2-2: SINGLE (Line Drive, 89M)
Batting: RHB Luis Oliva 0-0: Called Strike
0-1: Swinging Strike
0-2: Ball
1-2: Ball
2-2: Strikes out looking
Batting: RHB Jesús Amador 0-0: Called Strike
0-1: Foul Ball, location: 2F
0-2: Ground out 5-3 (Groundball, 56S)
Lee Suárez to second
Batting: LHB Dallas Ihde 0-0: Foul Ball, location: 2F
0-1: Foul Ball, location: 2F
0-2: Ball
1-2: Strikes out swinging
Bottom of the 2nd over - 0 runs, 1 hit, 0 errors, 1 left on base; Sunset District 2 - Alaskan 0
TOP OF THE 3RD
Sunset District Fog batting - Pitching for Alaskan Humpbacks : LHP Drew Cullen
Batting: LHB Roderick Simpson 0-0: Swinging Strike
0-1: Foul Ball, location: 2F
0-2: Strikes out swinging
Batting: LHB Ed Berry 0-0: Fly out, F5 (Popup, 5SF)
Batting: RHB Tom Woolever 0-0: Ball
1-0: Ball
2-0: Called Strike
2-1: Ball
3-1: Foul Ball, location: 2F
3-2: Fly out, F8 (Flyball, 8RXD)
Top of the 3rd over - 0 runs, 0 hits, 0 errors, 0 left on base; Sunset District 2 - Alaskan 0
BOTTOM OF THE 3RD
Alaskan Humpbacks batting - Pitching for Sunset District Fog : RHP Steve Henryson
Batting: RHB Erik Sterk 0-0: Ball
1-0: Swinging Strike
1-1: Fly out, F8 (Flyball, 78M)
Batting: RHB Sigi Lang 0-0: Called Strike
0-1: Ball
1-1: Ground out 1-3 (Groundball, 15S)
Batting: SHB Jorge Barrios 0-0: Foul Ball, location: 2F
0-1: Foul Ball, location: 2F
0-2: Ball
1-2: SINGLE (Line Drive, 9LS)
Batting: LHB Felipe Soto 0-0: Called Strike
0-1: Ball
1-1: Ball
2-1: Ball
3-1: Foul Ball, location: 2F
3-2: Foul Ball, location: 2F
3-2: Foul Ball, location: 2F
3-2: Strikes out swinging
Bottom of the 3rd over - 0 runs, 1 hit, 0 errors, 1 left on base; Sunset District 2 - Alaskan 0
TOP OF THE 4TH
Sunset District Fog batting - Pitching for Alaskan Humpbacks : LHP Drew Cullen
Batting: LHB Ieyoshi Samurakami 0-0: Foul Ball, location: 2F
0-1: Ball
1-1: Called Strike
1-2: Foul Ball, location: 2F
1-2: SINGLE (Line Drive, 7S)
Batting: LHB Arnold England 0-0: Fly out, F8 (Flyball, 8LM)
Batting: RHB Gérard Chesnutt 0-0: Ball
1-0: Ball
2-0: Called Strike
2-1: Ball
3-1: Base on Balls
Ieyoshi Samurakami to second
Batting: RHB Juan Alcocer 0-0: Fly out, F3 (Line Drive, 34)
Batting: LHB Jesús De Jesús 0-0: Called Strike
0-1: Foul Ball, location: 2F
0-2: SINGLE (Groundball, 4MD)
Ieyoshi Samurakami to third
Gérard Chesnutt to second
Runner from 3rd tries for Home, SAFE, no throw
Batting: LHB Jesús Trevino 0-0: Fielders Choice at 2nd, 6-4 (Groundball, 6)
Top of the 4th over - 1 run, 2 hits, 0 errors, 2 left on base; Sunset District 3 - Alaskan 0
BOTTOM OF THE 4TH
Alaskan Humpbacks batting - Pitching for Sunset District Fog : RHP Steve Henryson
Batting: RHB Yasuhide Nakashima 0-0: Ball
1-0: Called Strike
1-1: Ball
2-1: Ball
3-1: Fly out, F8 (Line Drive, 8RM)
Batting: RHB Lee Suárez 0-0: Ball
1-0: Called Strike
1-1: Ball
2-1: Ball
3-1: Fly out, F3 (Popup, 3S)
Batting: RHB Luis Oliva 0-0: Called Strike
0-1: Swinging Strike
0-2: Ground out 4-3 (Groundball, 4D)
Bottom of the 4th over - 0 runs, 0 hits, 0 errors, 0 left on base; Sunset District 3 - Alaskan 0
TOP OF THE 5TH
Sunset District Fog batting - Pitching for Alaskan Humpbacks : LHP Drew Cullen
Batting: LHB Roderick Simpson 0-0: Ball
1-0: Ground out 4-3 (Groundball, 4)
Batting: LHB Ed Berry 0-0: Ball
1-0: Foul Ball, location: 2F
1-1: Ball
2-1: Fly out, F4 (Line Drive, 4)
Batting: RHB Tom Woolever 0-0: Called Strike
0-1: Foul Ball, location: 2F
0-2: Ground out 6-3 (Groundball, 6)
Top of the 5th over - 0 runs, 0 hits, 0 errors, 0 left on base; Sunset District 3 - Alaskan 0
BOTTOM OF THE 5TH
Alaskan Humpbacks batting - Pitching for Sunset District Fog : RHP Steve Henryson
Batting: RHB Jesús Amador 0-0: Ball
1-0: Foul Ball, location: 2F
1-1: Swinging Strike
1-2: Foul Ball, location: 2F
1-2: Fly out, F9 (Flyball, 9S)
Batting: LHB Dallas Ihde 0-0: Swinging Strike
0-1: Ball
1-1: Foul Ball, location: 2F
1-2: Foul Ball, location: 2F
1-2: Ball
2-2: Ball
3-2: Foul Ball, location: 2F
3-2: Foul Ball, location: 2F
3-2: Base on Balls
Batting: RHB Erik Sterk 0-0: Ball
1-0: SINGLE (Line Drive, 7LS)
Dallas Ihde to second
Batting: RHB Sigi Lang 0-0: Ball
Dallas Ihde steals 3rd base
Erik Sterk to second
1-0: Foul Ball, location: 2F
1-1: Ball
2-1: Ground out 6-3 (Groundball, 6)
Dallas Ihde scores
Pitching: LHP Clay Pryor
Batting: SHB Jorge Barrios 0-0: Ball
1-0: Foul Ball, location: 2F
1-1: Called Strike
1-2: Ball
2-2: DOUBLE (Flyball, 8LXD)
Erik Sterk scores
Batting: LHB Felipe Soto 0-0: Called Strike
0-1: Ball
1-1: Foul Ball, location: 2F
1-2: Ball
2-2: Foul Ball, location: 2F
2-2: Foul Ball, location: 2F
2-2: Ball
3-2: Fly out, F7 (Flyball, 7LMF)
Bottom of the 5th over - 2 runs, 2 hits, 0 errors, 1 left on base; Sunset District 3 - Alaskan 2
TOP OF THE 6TH
Sunset District Fog batting - Pitching for Alaskan Humpbacks : LHP Drew Cullen
Batting: LHB Ieyoshi Samurakami 0-0: Foul Ball, location: 2F
0-1: Ball
1-1: Foul Ball, location: 2F
1-2: Foul Ball, location: 2F
1-2: Ball
2-2: SINGLE (Line Drive, 56D)
Batting: LHB Arnold England 0-0: Called Strike
0-1: Ball
1-1: Ball
2-1: Ground out U3 (Groundball, 34S)
Ieyoshi Samurakami to second
Batting: RHB Gérard Chesnutt 0-0: Called Strike
0-1: Swinging Strike
0-2: Hit by Pitch
Batting: RHB Juan Alcocer 0-0: Ball
1-0: Foul Ball, location: 2F
1-1: Foul Ball, location: 2F
1-2: 3-RUN HOME RUN (Flyball, 7D), Distance : 405 ft
Pitching: RHP Ramón Solís
Batting: LHB Jesús De Jesús 0-0: Foul Ball, location: 2F
0-1: Ball
1-1: Ground out 4-3 (Groundball, 34D)
Batting: LHB Jesús Trevino 0-0: Ground out 3-1 (Groundball, 34)
Top of the 6th over - 3 runs, 2 hits, 0 errors, 0 left on base; Sunset District 6 - Alaskan 2
BOTTOM OF THE 6TH
Alaskan Humpbacks batting - Pitching for Sunset District Fog : LHP Clay Pryor
Batting: RHB Yasuhide Nakashima 0-0: Ball
1-0: Ball
2-0: Ball
3-0: Base on Balls
Batting: RHB Lee Suárez 0-0: Called Strike
0-1: Foul Ball, location: 2F
0-2: Ball
1-2: Grounds into double play, 4-6-3 (Groundball, 4)
Batting: RHB Luis Oliva 0-0: Ground out 5-3 (Groundball, 56S)
Bottom of the 6th over - 0 runs, 0 hits, 0 errors, 0 left on base; Sunset District 6 - Alaskan 2
TOP OF THE 7TH
Sunset District Fog batting - Pitching for Alaskan Humpbacks : RHP Ramón Solís
Batting: LHB Roderick Simpson 0-0: Foul Ball, location: 2F
0-1: Fly out, F9 (Flyball, 89M)
Batting: LHB Ed Berry 0-0: Ball
1-0: Ball
2-0: Ball
3-0: Called Strike
3-1: Swinging Strike
3-2: Strikes out swinging
Batting: RHB Tom Woolever 0-0: SINGLE (Groundball, 56D)
Batting: LHB Ieyoshi Samurakami 0-0: Called Strike
0-1: Called Strike
0-2: Ball
1-2: Ball
2-2: Ground out 4-3 (Groundball, 4)
Top of the 7th over - 0 runs, 1 hit, 0 errors, 1 left on base; Sunset District 6 - Alaskan 2
BOTTOM OF THE 7TH
Alaskan Humpbacks batting - Pitching for Sunset District Fog : LHP Clay Pryor
Batting: RHB Jesús Amador 0-0: Ball
1-0: Ball
2-0: Ground out 3-1 (Groundball, 34S)
Batting: LHB Dallas Ihde 0-0: Called Strike
0-1: Foul Ball, location: 2F
0-2: Ball
1-2: Ball
2-2: Ball
3-2: Strikes out swinging
Batting: RHB Erik Sterk 0-0: Called Strike
0-1: Ground out 5-3 (Groundball, 56S)
Bottom of the 7th over - 0 runs, 0 hits, 0 errors, 0 left on base; Sunset District 6 - Alaskan 2
TOP OF THE 8TH
Sunset District Fog batting - Pitching for Alaskan Humpbacks : RHP Ramón Solís
Batting: LHB Arnold England 0-0: Swinging Strike
0-1: Ball
1-1: Swinging Strike
1-2: Foul Ball, location: 2F
1-2: Ball
2-2: Foul Ball, location: 2F
2-2: Ball
3-2: Fly out, F1 (Line Drive, 15)
Batting: RHB Gérard Chesnutt 0-0: Ball
1-0: Called Strike
1-1: Foul Ball, location: 2F
1-2: Ground out 6-3 (Groundball, 6M)
Batting: RHB Juan Alcocer 0-0: Ball
1-0: SOLO HOME RUN (Flyball, 9D), Distance : 391 ft
Batting: LHB Jesús De Jesús 0-0: Fly out, F8 (Line Drive, 8RD)
Top of the 8th over - 1 run, 1 hit, 0 errors, 0 left on base; Sunset District 7 - Alaskan 2
BOTTOM OF THE 8TH
Alaskan Humpbacks batting - Pitching for Sunset District Fog : LHP Clay Pryor
Batting: RHB Sigi Lang 0-0: Called Strike
0-1: Swinging Strike
0-2: Foul Ball, location: 2F
0-2: Strikes out swinging
Batting: SHB Jorge Barrios 0-0: Ground out U3 (Groundball, 34)
Batting: LHB Felipe Soto 0-0: Ball
1-0: Ball
2-0: Ball
3-0: Called Strike
3-1: Fly out, F4 (Flyball, 4D)
Bottom of the 8th over - 0 runs, 0 hits, 0 errors, 0 left on base; Sunset District 7 - Alaskan 2
TOP OF THE 9TH
Sunset District Fog batting - Pitching for Alaskan Humpbacks : RHP Ramón Solís
Batting: LHB Jesús Trevino 0-0: Ball
1-0: Ball
2-0: Ball
3-0: Base on Balls
Batting: LHB Roderick Simpson 0-0: Ball
Jesús Trevino is caught stealing 2nd base
1-0: Ball
2-0: Called Strike
2-1: Swinging Strike
2-2: Ground out 4-3 (Groundball, 4)
Batting: LHB Ed Berry 0-0: Ball
1-0: Ball
2-0: SINGLE (Flyball, 56D)
Batting: RHB Tom Woolever 0-0: Ball
1-0: Ball
2-0: Fielders Choice at 2nd, 5-4 (Groundball, 5)
Top of the 9th over - 0 runs, 1 hit, 0 errors, 1 left on base; Sunset District 7 - Alaskan 2
BOTTOM OF THE 9TH
Alaskan Humpbacks batting - Pitching for Sunset District Fog : LHP Clay Pryor
Batting: RHB Yasuhide Nakashima 0-0: Ball
1-0: Called Strike
1-1: Called Strike
1-2: Ball
2-2: SINGLE (Flyball, 3D)
Batting: RHB Lee Suárez 0-0: Ball
1-0: Fielders Choice at 2nd, 6-4 (Groundball, 6)
Batting: RHB Luis Oliva 0-0: Called Strike
0-1: Ground out 5-3 (Groundball, 56S)
Lee Suárez to second
Batting: RHB Jesús Amador 0-0: Called Strike
0-1: Ground out 5-3 (Groundball, 56S)
Bottom of the 9th over - 0 runs, 1 hit, 0 errors, 1 left on base; Sunset District 7 - Alaskan 2
Friday, March 29th, 2019 - OOTP Baseball 18.8 Build 76